 Dungeon Crawl Stone Soup version 0.16.1-2-g95b8d4c (console) character file.

12 gw the Magician (level 2, 0/19 HPs)
             Began as a Human Wizard on Mar 24, 2015.
             Slain by a jackal (2 damage)
             ... on level 1 of the Dungeon.
             The game lasted 00:00:38 (588 turns).

gw the Magician (Human Wizard)                       Turns: 588, Time: 00:00:38

Health: 0/19       AC:  2    Str:  7    XL:     2   Next: 45%
Magic:  0/6        EV: 12    Int: 18    God:
Gold:   60         SH:  0    Dex: 11    Spells: 1 memorised, 6 levels left

rFire  . . .     SeeInvis .     a - +0 dagger
rCold  . . .     Clarity  .     g - +0 robe
rNeg   + . .     SustAb   +     (no shield)
rPois  .         Gourm    .     b - +0 hat
rElec  .         Spirit   .     (no cloak)
rCorr  .         Warding  +     (no gloves)
rMut   .         Stasis   .     (no boots)
MR     .....                    j - amulet of warding
Stlth  ++........               (no ring)
                                e - ring of sustain abilities

@: very slightly contaminated, not resistant to hostile enchantments, unstealthy
A: no striking features
a: no special abilities


You were on level 1 of the Dungeon.
You were not hungry.

You visited 1 branch of the dungeon, and saw 1 of its levels.

You collected 60 gold pieces.

Inventory:

Hand weapons
 a - a +0 dagger (weapon)
Armour
 b - a +0 hat (worn)
 g - a +0 robe (worn)
Jewellery
 e - a ring of sustain abilities (left hand)
 j - an amulet of warding (around neck)
Scrolls
 h - 2 scrolls of teleportation {unknown}
 n - 2 scrolls of identify {unknown}
Potions
 f - a potion of heal wounds {unknown}
 i - a potion of curing {unknown}
 k - a potion of restore abilities {unknown}
 m - a potion of mutation {unknown}
Books
 c - a book of Minor Magic

   Spells                             Type                      Level
   a - Magic Dart                     Conjuration                  1
   b - Blink                          Translocation                2
   c - Call Imp                       Summoning                    2
   d - Repel Missiles                 Charms/Air                   2
   e - Slow                           Hexes                        2
   f - Conjure Flame                  Conjuration/Fire             3
   g - Mephitic Cloud                 Conjuration/Poison/Air       3
Comestibles
 d - a bread ration
 l - a meat ration


   Skills:
 + Level 0.0 Short Blades
 + Level 0.4 Armour
 - Level 2.0 Dodging
 - Level 2.0 Stealth
 + Level 3.1 Spellcasting
 * Level 1.8 Conjurations
   Level 1.0 Summonings
   Level 1.0 Translocations


You had 6 spell levels left.
You knew the following spells:

 Your Spells              Type           Power        Failure   Level  Hunger
a - Magic Dart            Conj           #...         10%         1    None


Dungeon Overview and Level Annotations

Branches:
Dungeon (1/15)

Altars:


Message History

Unknown command.
Unknown command.
Unknown command.
ATTACKING (1,0)
You closely miss the jackal.
The jackal is heavily wounded.
The jackal bites you.
Unknown command.
Unknown command.
Unknown command.
Unknown command.
Casting: Magic Dart
Confirm with . or Enter, or press ? or * to list all spells.
Aiming: Magic Dart
Press: ? - help, Shift-Dir - straight line, f - jackal
Aim: a jackal (heavily wounded)
The magic dart hits the jackal.
The jackal is heavily wounded.
The jackal closely misses you. The jackal bites you.
You die...

##...# #.# #.##.
#....... .....# #.# .
##....... ##...# #.# #.
#........ ###..# #.#
#..##.##..... .....# #.#
#..#......... .....# #.#
#....#~#..##. ###..# #.#
.##.~#~..##. . ...# #.#
######..##~.....###.
####.#
#.###..phh.###¤~....# ..
#.#
#.##..#######¤¤~¤.#.##..
#.# #....## #¤~.........
..# ###.######
#¤......##.# #..###~.+
#....¤...... #..###~¤.#
#..#.#..##.# #.#
#¤~.####....#~.# # #.
#~...#.......#.# #.
#~...'..#.##...#


You could see 2 jackals.

Table legend:
 A = Turns spent in this place as a percentage of turns spent in the entire game.
 B = Non-inter-level travel turns spent in this place as a percentage of non-inter-level travel turns spent in the entire game.
 C = Inter-level travel turns spent in this place as a percentage of turns spent in this place.
 D = Turns resting spent in this place as a percentage of non-inter-level travel turns spent in this place.
 E = Turns spent auto-exploring this place as a percentage of non-inter-level travel turns spent in this place.
 F = Non-inter-level travel turns spent in this place divided by the number of levels of this place that you've seen.
                   A       B       C       D       E      F
               +-------+-------+-------+-------+-------+----------------------
         Total | 100.0 | 100.0 |   0.0 |   2.6 |   2.9 | 842.0
       Dungeon | 100.0 | 100.0 |   0.0 |   2.6 |   2.9 | 842.0
               +-------+-------+-------+-------+-------+----------------------

Table legend:
 A = Kills in this place as a percentage of kills in entire the game.
 B = Kills by you in this place as a percentage of kills by you in the entire game.
 C = Kills by friends in this place as a percentage of kills by friends in the entire game.
 D = Other kills in this place as a percentage of other kills in the entire game.
 E = Experience gained in this place as a percentage of experience gained in the entire game.
 F = Experience gained in this place divided by the number of levels of this place that you have seen.
                   A       B       C       D       E      F
               +-------+-------+-------+-------+-------+----------------------
         Total | 100.0 | 100.0 |  -nan |  -nan | 100.0 |  18.0
       Dungeon | 100.0 | 100.0 |  -nan |  -nan | 100.0 |  18.0
               +-------+-------+-------+-------+-------+----------------------

Vanquished Creatures
  A ball python (D:1)
  A bat (D:1)
  2 giant cockroaches (D:1)
  A goblin (D:1)
  A hobgoblin (D:1)
  2 jackals (D:1)
  A giant newt (D:1)
  2 rats (D:1)
11 creatures vanquished.

Notes
Turn   | Place    | Note
--------------------------------------------------------------
     0 | D:1      | gw, the Human Wizard, began the quest for the Orb.
     0 | D:1      | Reached XP level 1. HP: 13/13 MP: 4/4
   280 | D:1      | Reached XP level 2. HP: 19/19 MP: 1/6
   588 | D:1      | Slain by a jackal

Action                   || total
-------------------------++-------
Melee: Club              ||     3
       Dagger            ||    15
 Cast: Magic Dart        ||    30

Vault maps used:
D:1:      denvon_arrival_hothouse
